 Dungeon Crawl Stone Soup version 0.22-a0-443-g17c3723 (webtiles) character file.

1327 galech the Skirmisher (level 8, -1/87 HPs)
             Began as an Ogre Berserker on June 1, 2018.
             Was a Priest of Trog.
             Slain by an ice beast (13 damage)
             ... on level 6 of the Dungeon.
             The game lasted 00:09:50 (5515 turns).

galech the Skirmisher (Ogre Berserker)              Turns: 5515, Time: 00:09:51

Health: -1/87      AC:  6    Str: 24    XL:     8   Next: 60%
Magic:  8/8        EV: 11    Int:  8    God:    Trog [***...]
Gold:   194        SH:  5    Dex:  8    Spells: 7/7 levels left

rFire    + . .     SeeInvis .   a - +0 mace
rCold    . . .     Gourm    .   (no shield)
rNeg     . . .     Faith    .   p - +2 robe {rF+}
rPois    .         Spirit   .   (helmet restricted)
rElec    .         Reflect  +   z - +0 cloak
rCorr    .         Harm     .   (gloves unavailable)
MR       .....                  (boots unavailable)
Stlth    +.........             e - +5 amulet of reflection
HPRegen  0.24/turn              (no ring)
MPRegen  0.11/turn              (no ring)

@: berserk cooldown
A: large, unfitting armour, tough skin 1
a: Berserk, Trog's Hand, Renounce Religion


You were on level 6 of the Dungeon.
You worshipped Trog.
Trog was most pleased with you.
You were not hungry.

You visited 1 branch of the dungeon, and saw 6 of its levels.

You collected 194 gold pieces.

Inventory:

Hand Weapons
 a - a +0 mace (weapon)
Armour
 p - a +2 robe of fire resistance (worn)
 u - a +0 troll leather armour
 z - a +0 cloak (worn)
Jewellery
 b - an uncursed amulet of the gourmand {unknown}
 e - a +5 amulet of reflection (around neck)
 s - an uncursed amulet of regeneration {unknown}
Scrolls
 f - 2 scrolls of teleportation {unknown}
 h - 3 scrolls of blinking {unknown}
 i - a scroll of magic mapping {unknown}
 j - a scroll of fear {unknown}
 k - 3 scrolls of remove curse
 m - a scroll of identify {unknown}
 n - a scroll of enchant armour {unknown}
 o - a scroll of fog {unknown}
 t - a scroll of enchant weapon {unknown}
Potions
 d - 3 potions of brilliance {unknown}
 g - 4 potions of heal wounds {unknown}
 l - a potion of haste {unknown}
 q - a potion of lignification {unknown}
 r - a potion of ambrosia {unknown}
 v - a potion of degeneration {unknown}
 w - a potion of resistance {unknown}
 x - a potion of flight {unknown}
Comestibles
 c - 13 rations
 A - 7 chunks of flesh


   Skills:
 + Level 7.4 Fighting
 + Level 7.0 Maces & Flails
 + Level 5.2 Dodging
 + Level 1.4 Stealth
 + Level 0.8 Unarmed Combat


You had 7 spell levels left.
You didn't know any spells.
Your spell library was empty.

Dungeon Overview and Level Annotations

Branches:
Dungeon (6/15)             Temple (0/1) D:4

Altars:
Elyvilon
Okawaru
Uskayaw

Shops:
D:5 [


Innate Abilities, Weirdness & Mutations

You are too large for most types of armour.
You have tough skin. (AC +1)


Message History

You hit the ice beast but do no damage.
The ice beast is moderately wounded.
The ice beast hits you but does no damage.
You hit the ice beast.
The ice beast is heavily wounded.
You block the ice beast's attack.
You barely miss the ice beast.
The ice beast is heavily wounded.
Your skin stops crawling.
You feel less resistant to hostile enchantments.
The ice beast hits you.
* * * LOW HITPOINT WARNING * * *
The ice beast freezes you!
* * * LOW HITPOINT WARNING * * *
You hit the ice beast but do no damage.
The ice beast is heavily wounded.
The ice beast hits you.
* * * LOW HITPOINT WARNING * * *
The ice beast freezes you!
You die...

#....##.......#
########.#############
.........######## ##
................. ...
#........######## ###
#........# ##.
#........# ..$.
##.#####.#####..... #.
#oY@........ . #
####)...##. .
#.......# #.....###
#.....# #.....#
#.....# ......#
......#


You could see an ice beast and an orc.

Vanquished Creatures
  Sigmund (D:2)
  The ghost of Gorglomux the Skirmisher, an amateur MiMo (D:3)
  Eustachio (D:4)
  An ice beast (D:4)
  An ogre (D:4)
  Blork the orc (D:4)
  A wyvern zombie (D:6)
  A water moccasin skeleton (D:5)
  A howler monkey (D:6)
  A crimson imp (D:5)
  2 hounds
  Crazy Yiuf (D:4)
  A centaur skeleton (D:4)
  2 iguanas
  2 orc wizards
  3 worker ants
  4 adders
  An adder skeleton (D:6)
  3 worms
  5 dart slugs
  7 leopard geckos
  16 orcs
  6 bats
  4 giant cockroaches
  7 goblins
  10 hobgoblins
  8 jackals
  A quokka (D:3)
  A ball python (D:2)
  9 frilled lizards
  A jackal zombie (D:5)
  8 kobolds
  5 rats
117 creatures vanquished.

Notes
Turn   | Place    | Note
-------+----------+-------------------------------------------
     0 | D:1      | galech the Ogre Berserker began the quest for the Orb.
     0 | D:1      | Reached XP level 1. HP: 24/24 MP: 1/1
   269 | D:1      | Reached XP level 2. HP: 32/32 MP: 2/2
   506 | D:1      | Reached XP level 3. HP: 40/40 MP: 3/3
   514 | D:1      | Reached ** piety under Trog
  1375 | D:2      | HP: 3/61 [poisoned by an adder]
  1800 | D:2      | Reached XP level 4. HP: 47/49 MP: 4/4
  1840 | D:2      | Reached skill level 5 in Fighting
  2085 | D:2      | Noticed Sigmund
  2101 | D:2      | Killed Sigmund
  2101 | D:2      | Reached XP level 5. HP: 48/57 MP: 5/5
  2101 | D:2      | Reached XP level 6. HP: 55/66 MP: 6/6
  2466 | D:3      | Noticed Gorglomux's ghost (amateur MiMo)
  2485 | D:3      | Killed Gorglomux's ghost
  2485 | D:3      | Reached skill level 5 in Maces & Flails
  2943 | D:3      | Found a white marble altar of Elyvilon.
  3040 | D:3      | Reached *** piety under Trog
  3077 | D:3      | Reached XP level 7. HP: 65/74 MP: 7/7
  3223 | D:4      | Noticed Eustachio
  3284 | D:4      | Killed Eustachio
  3435 | D:4      | Reached skill level 1 in Stealth
  3554 | D:4      | Noticed Blork the orc
  3575 | D:4      | Killed Blork the orc
  3814 | D:4      | Reached XP level 8. HP: 79/84 MP: 8/8
  3944 | D:4      | Found a runed door.
  3948 | D:4      | Noticed Crazy Yiuf
  3966 | D:4      | Killed Crazy Yiuf
  4167 | D:4      | Found a staircase to the Ecumenical Temple.
  4416 | D:5      | Entered Level 5 of the Dungeon
  4416 | D:5      | Found a hide-covered altar of Uskayaw.
  4434 | D:4      | Reached skill level 5 in Dodging
  4797 | D:5      | Found an iron altar of Okawaru.
  4964 | D:5      | Found Lehyoqaun's Antique Armour Boutique.
  5515 | D:6      | Slain by an ice beast

Vault maps used:
D:1:      ncdulo_watergridlock
D:2:      first_ration, uniq_sigmund
D:3:      minmay_door_path, marbit_many_paths
D:4:      temple_green, minmay_misc_feat_five, uniq_eustachio,
          uniq_crazy_yiuf_cottage, uniq_blork_the_orc
D:5:      okawaru_trees_1, eat_drink_and_be_merry_uskayaw, serial_shops,
          nicolae_shop_waterfront
D:6:      nicolae_overflow_crystal_walls

Skill      XL: |  1  2  3  4  5  6  7  8 |
---------------+-------------------------+-----
Maces & Flails | 3 4 5 6 7 |  7.0
Dodging        | 3 4 5 |  5.2
Fighting       | 5 6 7 |  7.4
Stealth        | 1 |  1.4
Unarmed Combat | |  0.8

Action                   |  1- 3 |  4- 6 |  7- 9 || total
-------------------------+-------+-------+-------++-------
Melee: Mace              |   132 |   147 |   196 ||   475
       Unarmed           |       |       |    13 ||    13
Invok: Berserk           |     1 |     2 |     4 ||     7
       Trog's Hand       |     1 |     1 |     3 ||     5
  Use: Scroll            |       |       |     1 ||     1
 Stab: Sleeping          |       |     1 |     2 ||     3
  Eat: Chunk             |     4 |     7 |     9 ||    20
       Ration            |       |       |     1 ||     1
Armor: Animal skin       |    38 |     2 |       ||    40
       Robe              |       |    31 |    47 ||    78
Dodge: Dodged            |    66 |    85 |   102 ||   253
Block: Other             |    29 |    33 |    35 ||    97
       Reflection        |       |     2 |     1 ||     3

Table legend:
 A = Spawn XP
 B = Non-spawn XP
 C = Spawn XP percentage of total XP
 D = Spawn monster count
 E = Non-spawn monster count
 F = Spawn count percentage of total count
 G = Total turns spent on level
                    A         B        C        D         E        F      G
               +---------+---------+-------+---------+---------+-------+---------
         Total |       0 |    1897 |   0.0 |       0 |     117 |   0.0 |  5515
               +---------+---------+-------+---------+---------+-------+---------
           D:1 |       0 |      44 |   0.0 |       0 |      25 |   0.0 |   731
           D:2 |       0 |     287 |   0.0 |       0 |      20 |   0.0 |  1640
           D:3 |       0 |     291 |   0.0 |       0 |      34 |   0.0 |   867
           D:4 |       0 |     844 |   0.0 |       0 |      21 |   0.0 |  1204
           D:5 |       0 |     148 |   0.0 |       0 |       4 |   0.0 |   648
           D:6 |       0 |     283 |   0.0 |       0 |      13 |   0.0 |   425
               +---------+---------+-------+---------+---------+-------+---------
